 Dungeon Crawl Stone Soup version 0.28-b1-1-g3c77fb2ed1 (webtiles) character file.

Game seed: 17937454359902754695

62 zeram the Ducker (level 3, -6/19 HPs)
             Began as a Spriggan Fighter on Jan 28, 2022.
             Mangled by Sigmund (8 damage)
             ... on level 2 of the Dungeon.
             The game lasted 00:01:39 (1627 turns).

zeram the Ducker (Spriggan Fighter)                 Turns: 1627, Time: 00:01:40

Health: -6/19      AC:  2    Str: 12    XL:     3   Next: 85%
Magic:  4/4        EV: 17    Int: 11    God:
Gold:   45         SH:  6    Dex: 14    Spells: 2/2 levels left

rFire   . . .      SeeInvis +   e - +2 dagger (pain)
rCold   . . .      Faith    .   c - +0 buckler
rNeg    . . .      Spirit   .   b - +0 robe
rPois   .          Reflect  .   (helmet restricted)
rElec   .          Harm     .   (no cloak)
rCorr   .          Rampage  .   (gloves unavailable)
Will    .....                   (boots unavailable)
Stlth   ++........              (no amulet)
HPRegen 0.06/turn               (no ring)
MPRegen 0.09/turn               (no ring)

@: very quick
A: very small, no large weapons, unfitting armour, see invisible, speed 3
a: no special abilities


You were on level 2 of the Dungeon.
You visited 1 branch of the dungeon, and saw 2 of its levels.

You collected 45 gold pieces.

Inventory:

Hand Weapons
 a - a +0 rapier
 e - a +2 dagger of pain (weapon)
Armour
 b - a +0 robe (worn)
 c - a +0 buckler (worn)
Potions
 d - a potion of might
 f - a potion of haste {unknown}
 g - 3 potions of curing {unknown}


   Skills:
 - Level 2.4 Fighting
 + Level 3.4 Short Blades
 + Level 4.7 Dodging
 + Level 0.7 Stealth
 + Level 2.6 Shields


You had 2 spell levels left.
You didn't know any spells.
Your spell library was empty.

Dungeon Overview and Level Annotations

Branches:
Dungeon (2/15)

Altars:

Annotations:
D:2 Sigmund


Innate Abilities, Weirdness & Mutations

You are very small and have problems with some larger weapons.
You are too small for most types of armour.
You have supernaturally acute eyesight. (SInv)
You cover ground extremely quickly. (Speed+++)


Message History

You are frozen.
You hit the endoplasm.
You kill the endoplasm!
You block the ball python's attack. The ball python completely misses you.
You hit the ball python but do no damage.
The ball python closely misses you. The ball python completely misses you.
You hit the ball python.
The ball python is severely wounded.
An adder comes into view.
The ball python closely misses you. The ball python completely misses you.
You hit the ball python.
You kill the ball python!
A worm comes into view.
You barely miss the kobold. The kobold barely misses you.
You closely miss the adder. The adder misses you. You block the adder's attack.
The kobold hits you with a +0 short sword.
You barely miss the adder. The adder bites you.
You are poisoned.
The adder poisons you!
The kobold hits you with a +0 short sword.
You are too injured to fight recklessly!
You are too injured to fight recklessly!
You feel sick.
You feel sick.
The kobold throws a stone.
The stone misses you.
You feel sick.
You aren't carrying any scrolls.
Unknown command.
Unknown command.
You feel sick.
You feel sick.
You feel sick.
You feel sick.
You are no longer poisoned.
You see here a +0 dagger.
You open the gate.
Sigmund, a bat and a rat come into view.
Sigmund is wielding a +0 scythe of venom.
Sigmund shouts!
Sigmund hits you from afar with a +0 scythe of venom!
You die...

#...#.#. .≈≈# #≈≈..
##.......
..≈≈#####≈≈..
##....#.##
...≈≈≈#≈≈b..
##†....#'#
#.......!..
##.......<..
...r....
##........... #..@..
##............
#'''###.........####
#..@#...........#
##..##'##.#######
##.##.##.# #.##.##.#
#.##.##.#
#.#####S##.##.#
#..........# .#
#######.#..##.#
#.).......#


You could see Sigmund, an adder, a bat and a rat.

Vanquished Creatures
  2 adders (D:2)
  A dart slug (D:1)
  3 ball pythons
  An endoplasm (D:2)
  2 giant cockroaches (D:1)
  5 hobgoblins
  4 jackals (D:1)
  5 kobolds (D:1)
  2 quokkas (D:1)
  A bat (D:1)
  5 frilled lizards
  4 goblins
  5 rats (D:1)
40 creatures vanquished.

Notes
Turn   | Place    | Note
-------+----------+-------------------------------------------
     0 | D:1      | zeram the Spriggan Fighter began the quest for the Orb.
     0 | D:1      | Reached XP level 1. HP: 11/11 MP: 2/2
    94 | D:1      | Reached XP level 2. HP: 16/16 MP: 3/3
   542 | D:1      | Reached XP level 3. HP: 11/19 MP: 4/4
  1627 | D:2      | Noticed Sigmund
  1627 | D:2      | Mangled by Sigmund

Illustrated notes

Levels and vault maps discovered:
D:1:      scummos_arrival_simple_crosswalls, layout_loops_ring
D:2:      layout_basic, ebering_dispersal_statue_hall, kennysheep_donut,
          minmay_pentomino_p4, uniq_sigmund

Skill      XL: |  1  2  3 |
---------------+----------+-----
Short Blades   | 3 |  3.4
Fighting       | |  2.4
Dodging        | |  4.7
Stealth        | |  0.7
Shields        | |  2.6

Action                   || total
-------------------------++-------
Melee: Rapier            ||   108
       Dagger            ||    10
  Use: Scroll            ||     1
Armor: Robe              ||    10
Dodge: Dodged            ||    90
Block: Buckler           ||    45
